ITL
ALLENTOWN HILLBILLIES @ HAVANA ROLLERS
08/30/2030
 
TOP OF THE 1ST
Allentown Hillbillies batting - Pitching for Havana Rollers : RHP Ron Jenkins
Pitching: RHP Ron Jenkins
Batting: SHB Travis Martin 0-0: Fly out, F9 (Line Drive, 89M)
Batting: RHB Jeff Townsley 0-0: Ball
1-0: Called Strike
1-1: Ball
2-1: Ball
3-1: Foul Ball, location: 2F
3-2: Base on Balls
Batting: RHB Wyatt McKinnon 0-0: SINGLE (Groundball, 6MD)
Jeff Townsley to second
Batting: RHB Germano Labrego 0-0: Ball
Jeff Townsley steals 3rd base
Wyatt McKinnon to second
1-0: Foul Ball, location: 2F
1-1: Foul Ball, location: 2F
1-2: Strikes out swinging
Batting: RHB Germán Romero 0-0: Called Strike
0-1: Swinging Strike
0-2: Ball
1-2: Strikes out swinging
Top of the 1st over - 0 runs, 1 hit, 0 errors, 2 left on base; Allentown 0 - Havana 0
BOTTOM OF THE 1ST
Havana Rollers batting - Pitching for Allentown Hillbillies : LHP Emílio Trevino
Pitching: LHP Emílio Trevino
Batting: LHB Marvin Nichols 0-0: Ball
1-0: Called Strike
1-1: Fly out, F7 (Flyball, 7D)
Batting: RHB Mitsuharu Matsumoto 0-0: Called Strike
0-1: Ground out 5-3 (Groundball, 56)
Batting: RHB Bill Little 0-0: Ball
1-0: Swinging Strike
1-1: Ball
2-1: Called Strike
2-2: SINGLE (Groundball, 56D)
Batting: RHB Soshu Nakamura 0-0: Foul Ball, location: 2F
0-1: Ball
1-1: Ball
2-1: Ball
3-1: Base on Balls
Bill Little to second
Pitching: LHP Alejandro Castillo
Batting: SHB Yasuhiro Ikarashi 0-0: Ball
1-0: Ball
2-0: Called Strike
2-1: Swinging Strike
2-2: Foul Ball, location: 2F
2-2: Ground out 6-3 (Groundball, 6M)
Bottom of the 1st over - 0 runs, 1 hit, 0 errors, 2 left on base; Allentown 0 - Havana 0
TOP OF THE 2ND
Allentown Hillbillies batting - Pitching for Havana Rollers : RHP Ron Jenkins
Batting: RHB António Yánez 0-0: Called Strike
0-1: Called Strike
0-2: Strikes out swinging
Batting: LHB António Salazar 0-0: Called Strike
0-1: Foul Ball, location: 2F
0-2: DOUBLE (Groundball, 5L)
Batting: RHB Juan Magdayao 0-0: Called Strike
0-1: Foul Ball, location: 2F
0-2: Strikes out swinging
Batting: RHB Marc Cox 0-0: Foul Ball, location: 2F
0-1: Foul Ball, location: 2F
0-2: DOUBLE (Line Drive, 78D)
António Salazar scores
Batting: SHB Travis Martin 0-0: Ground out 5-3 (Groundball, 56S)
Top of the 2nd over - 1 run, 2 hits, 0 errors, 1 left on base; Allentown 1 - Havana 0
BOTTOM OF THE 2ND
Havana Rollers batting - Pitching for Allentown Hillbillies : LHP Alejandro Castillo
Batting: RHB Luis Aguilar 0-0: Ball
1-0: SINGLE (Line Drive, 4MD)
Batting: LHB Shiro Ueno 0-0: Called Strike
0-1: Swinging Strike
0-2: Strikes out swinging
Batting: LHB Mario Olivares 0-0: Called Strike
0-1: Ball
1-1: Foul Ball, location: 2F
1-2: Foul Ball, location: 2F
1-2: Ball
2-2: Foul Ball, location: 2F
2-2: Foul Ball, location: 2F
2-2: Fly out, F7 (Flyball, 78M)
Batting: RHB Ken MacDonald 0-0: Called Strike
0-1: Foul Ball, location: 2F
0-2: Strikes out swinging
Bottom of the 2nd over - 0 runs, 1 hit, 0 errors, 1 left on base; Allentown 1 - Havana 0
TOP OF THE 3RD
Allentown Hillbillies batting - Pitching for Havana Rollers : RHP Ron Jenkins
Batting: RHB Jeff Townsley 0-0: Called Strike
0-1: Ball
1-1: Ball
2-1: Swinging Strike
2-2: Strikes out swinging
Batting: RHB Wyatt McKinnon 0-0: Foul Ball, location: 2F
0-1: Ball
1-1: Ball
2-1: Foul Ball, location: 2F
2-2: Ball
3-2: Ground out 4-3 (Groundball, 4)
Batting: RHB Germano Labrego 0-0: Ball
1-0: Swinging Strike
1-1: Ball
2-1: Ball
3-1: Fly out, F8 (Flyball, 89D)
Top of the 3rd over - 0 runs, 0 hits, 0 errors, 0 left on base; Allentown 1 - Havana 0
BOTTOM OF THE 3RD
Havana Rollers batting - Pitching for Allentown Hillbillies : LHP Alejandro Castillo
Batting: LHB Marvin Nichols 0-0: Ball
1-0: Fly out, F3 (Line Drive, 3L)
Batting: RHB Mitsuharu Matsumoto 0-0: Ball
1-0: Called Strike
1-1: Ball
2-1: Called Strike
2-2: Ground out 6-3 (Groundball, 56)
Batting: RHB Bill Little 0-0: Ball
1-0: Ball
2-0: Ball
3-0: Called Strike
3-1: Base on Balls
Batting: RHB Soshu Nakamura 0-0: Ball
1-0: Called Strike
1-1: Ball
2-1: DOUBLE (Line Drive, 7LD)
Bill Little to third
Runner from 3rd tries for Home, SAFE, throw made at trailing runner, SAFE at third!
Batting: SHB Yasuhiro Ikarashi 0-0: Swinging Strike
0-1: Ball
1-1: Ball
2-1: Swinging Strike
2-2: Ball
3-2: Strikes out swinging, 2-3 out at first.
Bottom of the 3rd over - 1 run, 1 hit, 0 errors, 1 left on base; Allentown 1 - Havana 1
TOP OF THE 4TH
Allentown Hillbillies batting - Pitching for Havana Rollers : RHP Ron Jenkins
Batting: RHB Germán Romero 0-0: Foul Ball, location: 2F
0-1: Hit by Pitch
Batting: RHB António Yánez 0-0: Ball
1-0: Called Strike
1-1: Called Strike
1-2: Ball
2-2: Strikes out swinging
Germán Romero is caught stealing 2nd base
Batter strikes out.
Batting: LHB António Salazar 0-0: Fly out, F8 (Line Drive, 8RM)
Top of the 4th over - 0 runs, 0 hits, 0 errors, 0 left on base; Allentown 1 - Havana 1
BOTTOM OF THE 4TH
Havana Rollers batting - Pitching for Allentown Hillbillies : LHP Alejandro Castillo
Batting: RHB Luis Aguilar 0-0: Ball
1-0: Called Strike
1-1: Ball
2-1: Foul Ball, location: 2F
2-2: Strikes out looking
Pitching: RHP Millard Manning
Batting: LHB Shiro Ueno 0-0: Foul Ball, location: 2F
0-1: Foul Ball, location: 2F
0-2: Strikes out swinging
Batting: LHB Mario Olivares 0-0: Ball
1-0: Fly out, F8 (Flyball, 8RM)
Bottom of the 4th over - 0 runs, 0 hits, 0 errors, 0 left on base; Allentown 1 - Havana 1
TOP OF THE 5TH
Allentown Hillbillies batting - Pitching for Havana Rollers : RHP Ron Jenkins
Batting: RHB Juan Magdayao 0-0: Called Strike
0-1: Swinging Strike
0-2: Foul Ball, location: 2F
0-2: Strikes out swinging
Batting: RHB Marc Cox 0-0: Foul Ball, location: 2F
0-1: SINGLE (Groundball, 34D)
Batting: SHB Travis Martin 0-0: Ball
1-0: Foul Ball, location: 2F
1-1: Ball
2-1: Ball
3-1: Foul Ball, location: 2F
3-2: Strikes out swinging
Batting: RHB Jeff Townsley 0-0: Called Strike
0-1: SINGLE (Line Drive, 9S)
Marc Cox to second
Batting: RHB Wyatt McKinnon 0-0: Fielders Choice at 2nd, U4 (Groundball, 4M)
Top of the 5th over - 0 runs, 2 hits, 0 errors, 2 left on base; Allentown 1 - Havana 1
BOTTOM OF THE 5TH
Havana Rollers batting - Pitching for Allentown Hillbillies : RHP Millard Manning
Batting: RHB Ken MacDonald 0-0: Called Strike
0-1: Swinging Strike
0-2: Ball
1-2: Foul Ball, location: 2F
1-2: Strikes out swinging
Batting: LHB Marvin Nichols 0-0: Bunted foul
0-1: Ball
1-1: Ball
2-1: Ground out 6-3 (Groundball, 56)
Batting: RHB Mitsuharu Matsumoto 0-0: Ball
1-0: Foul Ball, location: 2F
1-1: Ball
2-1: Ball
3-1: Ground out 1-3 (Groundball, P)
Bottom of the 5th over - 0 runs, 0 hits, 0 errors, 0 left on base; Allentown 1 - Havana 1
TOP OF THE 6TH
Allentown Hillbillies batting - Pitching for Havana Rollers : RHP Ron Jenkins
Batting: RHB Germano Labrego 0-0: Called Strike
0-1: Called Strike
0-2: Ball
1-2: Fly out, F7 (Line Drive, 7)
Batting: RHB Germán Romero 0-0: Called Strike
0-1: Foul Ball, location: 2F
0-2: Foul Ball, location: 2F
0-2: Strikes out swinging, 2-3 out at first.
Batting: RHB António Yánez 0-0: Called Strike
0-1: Swinging Strike
0-2: Ground out 4-3 (Groundball, 4)
Top of the 6th over - 0 runs, 0 hits, 0 errors, 0 left on base; Allentown 1 - Havana 1
BOTTOM OF THE 6TH
Havana Rollers batting - Pitching for Allentown Hillbillies : RHP Millard Manning
Batting: RHB Bill Little 0-0: Swinging Strike
0-1: Ball
1-1: Swinging Strike
1-2: Strikes out swinging
Batting: RHB Soshu Nakamura 0-0: Ball
1-0: Called Strike
1-1: Ball
2-1: Swinging Strike
2-2: SINGLE (Flyball, 78S)
Batting: SHB Yasuhiro Ikarashi 0-0: Called Strike
0-1: DOUBLE (Line Drive, 78M)
Soshu Nakamura to third
Batting: RHB Luis Aguilar 0-0: Foul Ball, location: 2F
0-1: Swinging Strike
0-2: Ball
1-2: Ball
2-2: Foul Ball, location: 2F
2-2: Foul Ball, location: 2F
2-2: SINGLE (Groundball, 34D)
Soshu Nakamura scores
Yasuhiro Ikarashi to third
Runner from 3rd tries for Home, SAFE, no throw
Pitching: LHP Joe Cates
Batting: LHB Shiro Ueno 0-0: Ball
1-0: Ball
2-0: Fly out, F7 (Flyball, 7S)
Batting: LHB Mario Olivares 0-0: Ball
1-0: Ground out 4-3 (Groundball, 4)
Bottom of the 6th over - 2 runs, 3 hits, 0 errors, 1 left on base; Allentown 1 - Havana 3
TOP OF THE 7TH
Allentown Hillbillies batting - Pitching for Havana Rollers : RHP Ron Jenkins
Batting: LHB António Salazar 0-0: Swinging Strike
0-1: Foul Ball, location: 2F
0-2: Strikes out looking
Batting: RHB Juan Magdayao 0-0: Ball
1-0: Ball
2-0: Foul Ball, location: 2F
2-1: Ball
3-1: Ground out 4-3 (Groundball, 4)
Batting: RHB Marc Cox 0-0: Called Strike
0-1: Foul Ball, location: 2F
0-2: Strikes out swinging
Top of the 7th over - 0 runs, 0 hits, 0 errors, 0 left on base; Allentown 1 - Havana 3
BOTTOM OF THE 7TH
Havana Rollers batting - Pitching for Allentown Hillbillies : LHP Joe Cates
Batting: RHB Ken MacDonald 0-0: Fly out, F7 (Flyball, 78S)
Batting: LHB Marvin Nichols 0-0: Fly out, F9 (Flyball, 9S)
Batting: RHB Mitsuharu Matsumoto 0-0: Fly out, F7 (Flyball, 7)
Bottom of the 7th over - 0 runs, 0 hits, 0 errors, 0 left on base; Allentown 1 - Havana 3
TOP OF THE 8TH
Allentown Hillbillies batting - Pitching for Havana Rollers : RHP Ron Jenkins
Batting: SHB Travis Martin 0-0: Foul Ball, location: 2F
0-1: Ground out U3 (Groundball, 3)
Batting: RHB Jeff Townsley 0-0: Ball
1-0: Called Strike
1-1: Foul Ball, location: 2F
1-2: Foul Ball, location: 2F
1-2: Foul Ball, location: 2F
1-2: Ball
2-2: Foul Ball, location: 2F
2-2: Ball
3-2: Ground out 6-3 (Groundball, 6)
Batting: RHB Wyatt McKinnon 0-0: Ball
1-0: Called Strike
1-1: Ball
2-1: Foul Ball, location: 2F
2-2: Strikes out swinging
Top of the 8th over - 0 runs, 0 hits, 0 errors, 0 left on base; Allentown 1 - Havana 3
BOTTOM OF THE 8TH
Havana Rollers batting - Pitching for Allentown Hillbillies : LHP Joe Cates
Batting: RHB Bill Little 0-0: Ball
1-0: Ball
2-0: Ball
3-0: Base on Balls
Batting: RHB Soshu Nakamura 0-0: Ball
1-0: Called Strike
1-1: Ball
2-1: Foul Ball, location: 2F
2-2: Strikes out looking
Batting: SHB Yasuhiro Ikarashi 0-0: Ground out 5-3 (Groundball, 25)
Bill Little to second
Batting: RHB Luis Aguilar 0-0: Ball
1-0: Ball
2-0: Called Strike
2-1: Foul Ball, location: 2F
2-2: Ground out 5-3 (Groundball, 56)
Bottom of the 8th over - 0 runs, 0 hits, 0 errors, 1 left on base; Allentown 1 - Havana 3
TOP OF THE 9TH
Allentown Hillbillies batting - Pitching for Havana Rollers : RHP Ron Jenkins
Pitching: RHP Kel Meyer
Batting: RHB Germano Labrego 0-0: Called Strike
0-1: Called Strike
0-2: Foul Ball, location: 2F
0-2: Foul Ball, location: 2F
0-2: Foul Ball, location: 2F
0-2: Ball
1-2: Strikes out looking
Batting: RHB Germán Romero 0-0: Called Strike
0-1: Ball
1-1: SINGLE (Groundball, 6MD)
Pinch Hitting: RHB Donald Sanford 0-0: Foul Ball, location: 2F
0-1: Ball
Balk!
Germán Romero to second
1-1: Foul Ball, location: 2F
1-2: Ball
2-2: Strikes out swinging
Batting: LHB António Salazar 0-0: Swinging Strike
0-1: Ball
1-1: Ground out 5-3 (Groundball, 56)
Top of the 9th over - 0 runs, 1 hit, 0 errors, 1 left on base; Allentown 1 - Havana 3
Saturday, April 7th, 2018 - OOTP Baseball 18.8 Build 76